 Dungeon Crawl Stone Soup version 0.31-a0-564-g3b7de120b3 (webtiles) character file.

Game seed: 664304105206799914

98 Shayle the Trooper (level 4, -2/46 HPs)
             Began as an Ogre Shapeshifter on Aug 17, 2023.
             Killed by divine providence
             ... invoked by an orc priest
              (7 damage)
             ... on level 3 of the Dungeon.
             The game lasted 00:03:10 (2076 turns).

Shayle the Trooper (Ogre Shapeshifter)              Turns: 2076, Time: 00:03:10

Health: -2/46      AC:  3    Str: 19    XL:     4   Next: 71%
Magic:  7/7        EV:  9    Int: 11    God:
Gold:   206        SH:  0    Dex:  9    Spells: 7/7 levels left

rFire   . . .        j - +0 sling (elec)
rCold   . . .        (no shield)
rNeg    . . .        a - +0 animal skin
rPois   .            (helmet currently unavailable)
rElec   .            (cloak currently unavailable)
rCorr   .            (gloves unavailable)
SInv    .            (boots unavailable)
Will    .....        (no amulet)
Stlth   +            (no ring)
HPRegen 0.27/turn    (no ring)
MPRegen 0.10/turn

%: no passive effects
@: beast-form
A: beast (slay +2), large, unfitting armour, tough skin 1
a: Begin Untransformation


You were on level 3 of the Dungeon.
You were a hulking beast.
You visited 1 branch of the dungeon, and saw 3 of its levels.

You collected 206 gold pieces.

Inventory:

Hand Weapons
 j - a +0 sling of electrocution (weapon)
Armour
 a - a +0 animal skin (worn)
 n - a +0 cloak
Talismans
 c - a beast talisman (active)
 d - a flux talisman
Scrolls
 e - 4 scrolls of revelation {unknown}
 g - 2 scrolls of teleportation {unknown}
 i - a scroll of identify {unknown}
 k - a scroll of enchant armour {unknown}
 l - a scroll of brand weapon {unknown}
 m - a scroll of blinking {unknown}
Potions
 b - 2 potions of lignification
 f - a potion of curing {unknown}
 h - 2 potions of enlightenment {unknown}
 o - a potion of magic {unknown}


   Skills:
 + Level 3.6 Fighting
 - Level 1.7 Dodging
 + Level 3.4 Unarmed Combat
 + Level 2.3 Spellcasting
 - Level 3.0 Shapeshifting


You had 7 spell levels left.
You didn't know any spells.
Your spell library was empty.

Dungeon Overview and Level Annotations

Branches:
Dungeon (3/15)

Altars:


Innate Abilities, Weirdness & Mutations

You are a hulking beast.
Your limbs bulge with bestial killing power. (Slay +2)
You are too large for most types of armour.
You have tough skin. (AC +1)


Message History

The orc priest shouts!
The orc priest mumbles some strange prayers to Beogh against you.
You barely resist. You shoot a sling bullet.
The sling bullet barely misses the orc priest.
You shoot a sling bullet.
The sling bullet closely misses the orc priest.
The orc priest looks braver for a moment.
You shoot a sling bullet. The sling bullet hits the orc priest.
The orc priest is lightly wounded.
You shoot a sling bullet. The sling bullet hits the orc priest.
The orc priest is lightly wounded.
You shoot a sling bullet.
The sling bullet barely misses the orc priest.
The orc priest barely misses you. The orc priest hits you with a +0 club.
You shoot a sling bullet. The sling bullet hits the orc priest!
The orc priest is heavily wounded.
The orc priest hits you with a +0 club.
You shoot a sling bullet. The sling bullet hits the orc priest.
The orc priest is almost dead.
The orc priest calls down the wrath of Beogh upon you.
Beogh smites you!
The orc priest calls down the wrath of Beogh upon you.
Pain shoots through your body!
You are too injured to fight recklessly!
You are too injured to fight recklessly!
You are too injured to fight recklessly!
You shoot a sling bullet.
The sling bullet closely misses the orc priest.
The orc priest hits you with a +0 club.
* * * LOW HITPOINT WARNING * * *
You shoot a sling bullet.
The sling bullet barely misses the orc priest.
The orc priest hits you with a +0 club.
* * * LOW HITPOINT WARNING * * *
You shoot a sling bullet.
The sling bullet closely misses the orc priest.
The orc priest invokes the aid of Beogh against you.
Beogh smites you!
You die...

### #.. ..# ##
#<# .. ##.#.#
#########....#
#...ho†...#..#
#.#######...##
#.# ##(.....
#.# .##### #.#
.# #.# .# ###
#.# .# ..# #.#
## #.# #.#


You could see an orc priest.

Vanquished Creatures
  2 adders
  2 worms
  2 dart slugs
  4 orcs (D:3)
  3 bats
  6 endoplasms
  5 giant cockroaches
  3 goblins
  5 hobgoblins
  4 jackals (D:1)
  4 quokkas
  3 ball pythons
  2 frilled lizards (D:3)
  7 kobolds
  8 rats
60 creatures vanquished.

Notes
Turn   | Place    | Note
-------+----------+-------------------------------------------
     0 | D:1      | Shayle the Ogre Shapeshifter began the quest for the Orb.
     0 | D:1      | Reached XP level 1. HP: 19/19 MP: 1/1
    16 | D:1      | You fall into a shaft and drop 1 floor!
   163 | D:2      | Identified the +1 robe of Lifelessness {rF+ Str-2 SInv}
   231 | D:1      | Found a faded altar of an unknown god.
   300 | D:1      | Reached XP level 2. HP: 28/28 MP: 1/3
   421 | D:1      | Reached skill level 1 in Spellcasting
   709 | D:1      | Reached XP level 3. HP: 31/36 MP: 3/5
  1533 | D:2      | Reached XP level 4. HP: 45/45 MP: 5/7
  2076 | D:3      | Killed from afar by an orc priest

Illustrated notes

Levels and vault maps discovered:
D:1:      lightli_arrival_maybe_door_vault, layout_loops_cross,
          ebering_ecumenical_altar_mist
D:2:      layout_loops_corners, minmay_hedge_maze, minmay_octomino_c4
D:3:      layout_loops_ring, uniq_robin

Skill      XL: |  1  2  3 |
---------------+----------+-----
Fighting       | 2 3 |  3.6
Spellcasting   | 1 2 |  2.3
Unarmed Combat | 3 |  3.4
Dodging        | |  1.7
Shapeshifting  | |  3.0

Action                     |  1- 3 |  4- 6 || total
---------------------------+-------+-------++-------
  Melee: Unarmed           |    51 |       ||    51
         Punch             |     1 |       ||     1
   Fire: Sling             |    49 |    73 ||   122
   Stab: Sleeping          |     1 |       ||     1
 Armour: Animal skin       |    20 |     7 ||    27
  Dodge: Dodged            |    30 |    19 ||    49

Table legend: (Time is in decaauts)
 A = Elapsed time spent in this place.
 B = Non-inter-level travel time spent in this place.
 C = Inter-level travel time spent in this place.
 D = Time resting spent in this place.
 E = Time spent auto-exploring this place.
 F = Levels seen in this place.
 G = Mean time per level.
                   A        B        C        D        E       F      G
               +--------+--------+--------+--------+--------+-----+--------+
         Total |   2120 |   2052 |     68 |      2 |   1663 |   3 |  706.7 |
       Dungeon |   2120 |   2052 |     68 |      2 |   1663 |   3 |  706.7 |
               +--------+--------+--------+--------+--------+-----+--------+

Top non-repeatable levels by time:
     D:2: 980 daAuts
     D:1: 779 daAuts
     D:3: 360 daAuts
